 Dungeon Crawl Stone Soup version 0.29-a0-813-g4a14ea37d6 (webtiles) character file.

Game seed: 17428727357312351082

2731 Anon1729 the Sneak (level 9, -6/54 HPs)
             Began as an Octopode Artificer on July 4, 2022.
             Was a Priest of Hepliaklqana.
             Killed by divine providence
             ... invoked by an orc priest
              (13 damage)
             ... on level 8 of the Dungeon.
             The game lasted 00:11:55 (8406 turns).

Anon1729 the Sneak (Octopode Artificer)             Turns: 8406, Time: 00:11:56

Health: -6/54      AC:  3    Str: 17    XL:     9   Next: 67%
Magic:  15/15      EV: 19    Int: 18    God:    Hepliaklqana [***...]
Gold:   232        SH:  0    Dex: 12    Spells: 16/16 levels left

rFire   . . .      SeeInvis .   x - +2 dagger (venom)
rCold   . . .      Faith    +   (no shield)
rNeg    . . .      Spirit   .   L - +2 hat
rPois   .          Reflect  .   D - amulet of faith
rElec   .          Harm     .   j - +6 ring of strength
rCorr   .          Rampage  .   n - +4 ring of evasion
Will    +....                   v - +4 ring of slaying
Stlth   ++++......              p - ring of willpower
HPRegen 0.18/turn               (no ring)
MPRegen 0.14/turn               (no ring)
                                (no ring)
                                (no ring)

@: no status effects
A: reduced essence, almost no armour, amphibious, 8 rings, camouflage 1,
gelatinous body 1, (nimble swimmer 1), tentacles
a: Renounce Religion, Recall Ancestor, Ancestor Identity, Transference


You were on level 8 of the Dungeon.
You worshipped Hepliaklqana.
Hepliaklqana was most pleased with you.
You visited 1 branch of the dungeon, and saw 8 of its levels.

You collected 282 gold pieces.
You spent 50 gold pieces at shops.

Inventory:

Hand Weapons
 a - a +0 club
 k - a +1 dagger of draining
 x - a +2 dagger of venom (weapon)
 z - a +0 quarterstaff
Armour
 L - a +2 hat (worn)
Jewellery
 j - a +6 ring of strength (left tentacle)
 n - a +4 ring of evasion (right tentacle)
 p - a ring of willpower (on tentacle)
 v - a +4 ring of slaying (on tentacle)
 D - an amulet of faith (around mantle)
 J - a +6 ring of dexterity
Wands
 b - a wand of flame (23) (quivered)
 c - a wand of charming (14)
 d - a wand of iceblast (6)
 B - a wand of mindburst (15)
 G - a wand of light (8)
 I - a wand of polymorph (8)
Scrolls
 i - 2 scrolls of amnesia
 l - 2 scrolls of magic mapping
 m - 2 scrolls of noise
 q - 6 scrolls of teleportation
 s - a scroll of immolation {unknown}
 t - a scroll of fog {unknown}
 u - a scroll of blinking {unknown}
 w - a scroll of brand weapon {unknown}
 y - 3 scrolls of enchant weapon
 E - a scroll of fear
 F - a scroll of silence {unknown}
Potions
 e - 4 potions of mutation
 f - 2 potions of curing
 g - 3 potions of ambrosia {unknown}
 h - 4 potions of haste
 o - a potion of berserk rage {unknown}
 r - a potion of cancellation {unknown}
 A - a potion of brilliance {unknown}
 C - 2 potions of heal wounds {unknown}
 H - a potion of resistance {unknown}
 K - a potion of might {unknown}


   Skills:
 + Level 5.0 Fighting
 + Level 4.6 Staves
 + Level 5.5 Dodging
 + Level 7.3 Stealth
 + Level 4.2 Spellcasting
 + Level 3.9 Fire Magic
 - Level 0.1 Ice Magic
 + Level 6.4 Evocations


You had 16 spell levels left.
You didn't know any spells.
Your spell library contained the following spells:

 Spells                   Type           Power      Damage    Failure   Level
 Foxfire                  Conj/Fire      44%        2x1d6     6%          1
 Beastly Appendage        Tmut           6%         N/A       14%         1
 Conjure Flame            Conj/Fire      11%        6-21      19%         3
 Inner Flame              Hex/Fire       11%        N/A       19%         3
 Ensorcelled Hibernation  Hex/Ice        8%         N/A       22%         2
 Passwall                 Tmut/Erth      2%         N/A       22%         2
 Wereblood                Tmut           3%         N/A       22%         2
 Ignite Poison            Fire/Tmut/Pois 8%         N/A       26%         3
 Frozen Ramparts          Ice            8%         1d2       38%         3
 Spider Form              Tmut/Pois      3%         N/A       41%         3
 Swiftness                Air            3%         N/A       41%         3
 Flame Wave               Conj/Fire      11%        2d5       54%         4
 Sticky Flame             Conj/Fire      11%        2d3       54%         4
 Ice Form                 Ice/Tmut       4%         N/A       80%         4
 Summon Ice Beast         Ice/Summ       4%         N/A       80%         4


Dungeon Overview and Level Annotations

Branches:
Dungeon (8/15)             Temple (0/1) D:7
   Lair: D:8-11

Altars:
Ashenzari
Fedhas
Hepliaklqana
Trog
Xom

Shops:
D:4 *[

Annotations:
D:3 Grinder


Innate Abilities, Weirdness & Mutations

Your life essence is reduced to manifest your ancestor. (-10% HP)
You cannot wear most types of armour.
You are amphibious.
You can wear up to eight rings at the same time.
Your skin changes colour to match your surroundings (Stealth+).
Your rubbery body absorbs attacks. (AC +1, EV +1)
((You are camouflaged when in or above water. (Stealth+)))
You have tentacles for arms and can constrict up to eight enemies at once.


Message History

The orc warrior is moderately wounded.
You constrict the orc warrior, but do no damage.
The orc warrior closely misses you.
Nhalahla hits the orc warrior but does no damage.
You hit the orc warrior.
The orc warrior is poisoned.
You squeeze the orc warrior.
The orc warrior is heavily wounded.
You constrict the orc warrior.
Nhalahla blocks the orc warrior's attack.
Nhalahla hits the orc warrior with a +0 flail.
Nhalahla blocks the orc's attack.
You hit the orc warrior.
The orc warrior looks as sick as possible!
You squeeze the orc warrior.
You kill the orc warrior!
Nhalahla hits the orc with a +0 flail!
The orc dies!
The orc priest invokes the aid of Beogh against you.
Beogh smites you!
Your Fighting skill increases to level 5!
There are monsters nearby!
You barely miss the orc. You grab the orc. You constrict the orc.
The orc completely misses you.
Nhalahla hits the orc with a +0 flail.
The orc priest invokes the aid of Beogh against you.
Pain shoots through your body!
You hit the orc.
You kill the orc!
The orc priest mumbles some strange prayers to Beogh against you.
Beogh smites you!
* * * LOW HITPOINT WARNING * * *
You swap places.
Nhalahla hits the orc priest with a +0 flail!
Aiming: Throw Flame
Press: ? - help, Shift-Dir - straight line, f - orc priest
Aim: an orc priest, wielding a +0 club and wearing a +0 ring mail (heavily wounded, ally target, 77% to hit)
Nhalahla avoids your attack.
The puff of flame hits the orc priest!
The orc priest is almost dead.
The orc priest calls down the wrath of Beogh upon you.
Beogh smites you!
You die...

#...... #......
##..... #......
###.#.#.##
........#
#.#o#))##.#
#...R@....#
######......####
.........#..#
#####..##..#
#^.##..#
#..##..#
#..##..>
#..###.## #..#
.#


You could see the friendly Nhalahla the knight and an orc priest (ally target).

Vanquished Creatures
  A slime creature (D:7)
  A steam dragon (D:8)
  A water moccasin (D:5)
  A sky beast (D:7)
  An orc warrior (D:8)
  An ogre (D:5)
  A centaur (D:6)
  A phantom (D:5)
  A necrophage (D:6)
  A bullfrog (D:6)
  2 scorpions
  A howler monkey (D:5)
  A jelly (D:5)
  2 orc priests
  2 hounds
  An iguana (D:5)
  7 gnolls
  7 adders
  A shadow imp (D:5)
  2 white imps
  An ufetubus (D:6)
  A worm (D:3)
  A dart slug (D:1)
  18 orcs
  5 endoplasms
  5 goblins
  4 hobgoblins
  11 jackals
  2 quokkas
  6 ball pythons
  5 bats
  A frilled lizard (D:1)
  5 kobolds
  7 rats
108 creatures vanquished.

Vanquished Creatures (collateral kills)
  Joseph (D:7)
  A hornet (D:8)
  A slime creature (D:7)
  An ice beast (D:6)
  A centaur (D:8)
  A necrophage (D:8)
  A scorpion (D:6)
  3 killer bees (D:7)
  A howler monkey (D:8)
  A jelly (D:7)
  A hound (D:7)
  A gnoll (D:5)
  2 adders (D:6)
  5 orcs
21 creatures vanquished.

Vanquished Creatures (others)
  A slime creature (D:7)
  2 ancestors (D:5)
3 creatures vanquished.

Grand Total: 132 creatures vanquished

Notes
Turn   | Place    | Note
-------+----------+-------------------------------------------
     0 | D:1      | Anon1729 the Octopode Artificer began the quest for the
                  | Orb.
     0 | D:1      | Reached XP level 1. HP: 13/13 MP: 1/1
    80 | D:1      | Reached XP level 2. HP: 7/18 MP: 2/2
   502 | D:1      | Reached skill level 2 in Stealth
  1264 | D:2      | Reached XP level 3. HP: 23/23 MP: 3/3
  1666 | D:2      | Reached skill level 1 in Spellcasting
  1666 | D:2      | Reached XP level 4. HP: 17/29 MP: 5/5
  1985 | D:2      | Reached skill level 1 in Staves
  2158 | D:2      | Found a faded altar of an unknown god.
  2518 | D:3      | Reached skill level 3 in Stealth
  2537 | D:3      | Found a shimmering altar of Xom.
  2718 | D:3      | Found a hazy altar of Hepliaklqana.
  2720 | D:3      | Found a broken altar of Ashenzari.
  2720 | D:3      | Found a bloodstained altar of Trog.
  2722 | D:3      | Became a worshipper of Hepliaklqana the Forgotten
  2760 | D:3      | Noticed Grinder
  3062 | D:3      | Reached XP level 5. HP: 29/34 MP: 6/6
  3592 | D:4      | Found Xuratu's Antique Armour Boutique.
  3709 | D:4      | Found Zuhe's Assorted Antiques.
  3712 | D:4      | Bought a scroll labelled ORUURI FUULELI for 25 gold pieces
  3712 | D:4      | Bought a scroll labelled NEJANG CYPS for 25 gold pieces
  3903 | D:5      | Entered Level 5 of the Dungeon
  3911 | D:5      | Reached * piety under Hepliaklqana
  3911 | D:5      | Noticed an ogre
  3924 | D:5      | Killed an ogre
  3925 | D:5      | Reached XP level 6. HP: 30/36 MP: 8/8
  3971 | D:5      | Reached skill level 4 in Stealth
  4928 | D:5      | Noticed a water moccasin
  4940 | D:5      | Killed a water moccasin
  4941 | D:5      | Reached XP level 7. HP: 24/40 MP: 10/10
  5598 | D:5      | Reached skill level 1 in Fire Magic
  5722 | D:6      | Reached skill level 5 in Stealth
  6071 | D:6      | Reached skill level 5 in Evocations
  6071 | D:6      | Reached XP level 8. HP: 46/46 MP: 12/12
  6117 | D:6      | Found a blossoming altar of Fedhas.
  6947 | D:7      | Reached ** piety under Hepliaklqana
  6948 | D:7      | Remembered your ancestor Nhalahla as a knight
  6971 | D:7      | Noticed a slime creature
  7000 | D:7      | Noticed a slime creature
  7002 | D:7      | Noticed a slime creature
  7024 | D:7      | Killed a slime creature
  7025 | D:7      | Reached skill level 6 in Stealth
  7025 | D:7      | Killed a slime creature
  7086 | D:7      | Noticed Joseph
  7183 | D:7      | Found a staircase to the Ecumenical Temple.
  7227 | D:7      | Reached XP level 9. HP: 52/52 MP: 14/14
  7460 | D:7      | Reached *** piety under Hepliaklqana
  7893 | D:7      | Reached skill level 5 in Dodging
  7961 | D:7      | Killed Joseph
  8195 | D:8      | Reached skill level 7 in Stealth
  8216 | D:8      | Noticed a hornet
  8223 | D:8      | Killed a hornet
  8403 | D:8      | Reached skill level 5 in Fighting
  8406 | D:8      | Killed from afar by an orc priest

Illustrated notes

Levels and vault maps discovered:
D:1:      dpeg_arrival_oval, layout_basic
D:2:      layout_basic, hellmonk_ecumenical_altar_arch_garden,
          roderic_serpentine_path
D:3:      kennysheep_six_static_rooms, layout_rooms,
          gammafunk_temple_overflow_forgotten, mainiacjoe_overflow_brackets,
          uniq_grinder
D:4:      layout_gridville, serial_shops, nicolae_shop_trees, shop
D:5:      layout_basic, grunt_ministairs_10, chequers_serial_rivers_micro_d
D:6:      layout_basic, mainiacjoe_overflow_tiny_flanked, minmay_fountain_box,
          hex_intersection
D:7:      layout_basic, minmay_temple_entry_slanted, uniq_joseph
D:8:      layout_loops_ring

Skill      XL: |  1  2  3  4  5  6  7  8  9 |
---------------+----------------------------+-----
Stealth        | 2 3 4 5 6 7 |  7.3
Spellcasting   | 1 2 3 4 |  4.2
Fighting       | 2 3 4 5 |  5.0
Staves         | 1 2 3 4 |  4.6
Dodging        | 3 4 5 |  5.5
Evocations     | 4 5 6 |  6.4
Fire Magic     | 1 3 |  3.9
Ice Magic      | |  0.1

Action                   |  1- 3 |  4- 6 |  7- 9 || total
-------------------------+-------+-------+-------++-------
Melee: Club              |    46 |       |       ||    46
       Tentacles         |    14 |    20 |    22 ||    56
       Constrict         |    13 |    28 |    17 ||    58
       Punch             |     2 |     3 |     3 ||     8
       Dagger            |    10 |   109 |    86 ||   205
Invok: Ancestor Life: Kn |       |       |     1 ||     1
Evoke: Wand              |       |     4 |     6 ||    10
  Use: Scroll            |       |     2 |     6 ||     8
 Stab: Sleeping          |     7 |     9 |    13 ||    29
       Distracted        |       |       |     1 ||     1
Armor: Skin              |     1 |     2 |     3 ||     6
Dodge: Dodged            |    29 |    60 |    71 ||   160

Table legend: (Time is in decaauts)
 A = Elapsed time spent in this place.
 B = Non-inter-level travel time spent in this place.
 C = Inter-level travel time spent in this place.
 D = Time resting spent in this place.
 E = Time spent auto-exploring this place.
 F = Levels seen in this place.
 G = Mean time per level.
                   A        B        C        D        E       F      G
               +--------+--------+--------+--------+--------+-----+--------+
         Total |   8419 |   8208 |    211 |   1591 |   5574 |   8 | 1052.4 |
       Dungeon |   8419 |   8208 |    211 |   1591 |   5574 |   8 | 1052.4 |
               +--------+--------+--------+--------+--------+-----+--------+

Top non-repeatable levels by time:
     D:2: 1491 daAuts
     D:5: 1377 daAuts
     D:1: 1346 daAuts
     D:6: 1240 daAuts
     D:7: 1135 daAuts
     D:4: 911 daAuts
     D:3: 594 daAuts
     D:8: 322 daAuts
